 Dungeon Crawl Stone Soup version 0.30-a0-465-g8901f6c8b5 (webtiles) character file.

Game seed: 16116353881717808497

302 experimilk the Conjurer (level 6, -3/45 HPs)
             Began as a Draconian Conjurer on Dec 18, 2022.
             Shot with an arrow by a centaur (8 damage)
             ... on level 4 of the Dungeon.
             The game lasted 00:07:32 (3433 turns).

experimilk the Conjurer (Draconian Conjurer)        Turns: 3433, Time: 00:07:33

Health: -3/45      AC: 10    Str: 10    XL:     6   Next: 14%
Magic:  1/10       EV: 12    Int: 20    God:
Gold:   197        SH:  0    Dex:  9    Spells: 8/11 levels left

rFire   . . .      SeeInvis .    g - +3 short sword
rCold   . . .      Faith    .    (no shield)
rNeg    . . .      Spirit   .    (body armour unavailable)
rPois   .          Reflect  .    (helmet restricted)
rElec   .          Harm     .    l - +0 cloak
rCorr   .          Rampage  .    i - +2 pair of gloves
Will    .....                    (no boots)
Stlth   ++........               (no amulet)
HPRegen 0.27/turn                (no ring)
MPRegen 0.12/turn                (no ring)

@: on berserk cooldown, slowed, very slow
A: AC +6, unfitting armour, cold-blooded
a: no special abilities


You were on level 4 of the Dungeon.
You visited 1 branch of the dungeon, and saw 4 of its levels.

You collected 197 gold pieces.

Inventory:

Hand Weapons
 g - a +3 short sword (weapon)
Missiles
 b - a throwing net
Armour
 i - a +2 pair of gloves (worn)
 l - a +0 cloak (worn)
Scrolls
 a - a scroll of fog
 j - a scroll of enchant weapon
 m - a scroll of teleportation {unknown}
Potions
 d - a potion of attraction {unknown}
 e - a potion of berserk rage
 h - a potion of heal wounds {unknown}


   Skills:
 - Level 1.7 Dodging
 - Level 1.7 Stealth
 - Level 3.0 Spellcasting
 * Level 7.0 Conjurations


You had 8 spell levels left.
You knew the following spells:

 Your Spells              Type           Power      Damage    Failure   Level
a - Magic Dart            Conj           100%       1d8       1%          1
z - Searing Ray           Conj           62%        2d6       1%          2

Your spell library contained the following spells:

 Spells                   Type           Power      Damage    Failure   Level
 Dazzling Flash           Conj/Hex       34%        N/A       10%         3
 Beastly Appendage        Tmut           6%         N/A       14%         1
 Summon Small Mammal      Summ           12%        N/A       14%         1
 Wereblood                Tmut           3%         N/A       22%         2
 Fulminant Prism          Conj/Hex       8%         3d6       32%         4
 Iskenderun's Mystic Bla  Conj/Tloc      17%        2d5       32%         4
 Call Canine Familiar     Summ           3%         N/A       38%         3
 Portal Projectile        Hex/Tloc       6%         N/A       38%         3
 Spider Form              Tmut/Pois      3%         N/A       38%         3
 Summon Guardian Golem    Hex/Summ       3%         N/A       38%         3
 Leda's Liquefaction      Hex/Erth       1%         N/A       80%         4


Dungeon Overview and Level Annotations

Branches:
Dungeon (4/15)
 Temple: D:4-7

Altars:
Sif Muna


Innate Abilities, Weirdness & Mutations

Your plain brown scales are hard. (AC +6)
You cannot fit into any form of body armour.
You are cold-blooded and may be slowed by cold attacks.


Message History

Your scales feel tougher.
You feel a strong urge to attack something.
You see here a +0 dagger.
You feel your anger nearly subside.
You are no longer berserk.
You are exhausted.
You feel yourself slow down.
The centaur shoots an arrow.
The arrow hits you but does no damage.
Read: scroll of poison
Press: ? - help, Q - select action, (/) - cycle Dir - look around, f - activate The air fills with toxic fumes!
As you read the scroll of poison, it crumbles to dust.
Unknown command.
You're still recovering from your berserk rage.
You feel better.
You feel better.
You feel better.
You start resting.
The centaur shoots an arrow.
The arrow hits you.
Casting: Searing Ray (safe; 1% risk of failure)
Confirm with . or Enter, or press ? or * to list all spells.
Aiming: Searing Ray (safe; 1% risk of failure)
Press: ? - help, Shift-Dir - straight line, f - centaur
Aim: a centaur, wielding a +0 shortbow (87% to hit)
The searing ray hits the centaur.
The centaur is moderately wounded. (Press . to maintain the ray.)
The centaur shoots an arrow.
The arrow hits you.
The centaur shoots an arrow.
The arrow hits you.
The centaur shoots an arrow.
The arrow hits you but does no damage.
The searing ray hits the centaur.
The centaur is moderately wounded.
The centaur shoots an arrow.
The arrow hits you!
* * * LOW HITPOINT WARNING * * *
The centaur shoots an arrow.
The arrow hits you.
* * * LOW HITPOINT WARNING * * *
The searing ray hits the centaur.
The centaur is severely wounded.
The centaur shoots an arrow.
The arrow completely misses you.
The centaur shoots an arrow.
The arrow hits you!
You die...

#.###..# ###[#
#......### ####)#
##.......# #.....
#.##.##c# #..... #
##.##)# .... #.)...
# #..##.# ...
#..... #.#.###.#
.)..##.....
#.#.###c#
#..........
#....@..#
#.####.....
###.#####
#.#####.##. #.#
#.##....... #.#
#####.##.##.###
##.## #........##.#
#...###.##........#
##.........##.#####
######.#####.#
#.#####.#


You could see a centaur.

Vanquished Creatures
  A phantom (D:4)
  A scorpion (D:3)
  Natasha (twice) (D:3)
  4 adders
  An ufetubus (D:3)
  2 worms
  3 dart slugs
  2 orcs (D:3)
  2 ball pythons (D:1)
  4 bats
  3 endoplasms (D:3)
  3 giant cockroaches
  4 goblins
  6 hobgoblins
  6 jackals
  6 kobolds
  3 quokkas
  A frilled lizard (D:3)
  13 rats
67 creatures vanquished.

Notes
Turn   | Place    | Note
-------+----------+-------------------------------------------
     0 | D:1      | experimilk the Draconian Conjurer began the quest for the
                  | Orb.
     0 | D:1      | Reached XP level 1. HP: 14/14 MP: 3/3
   290 | D:1      | Reached XP level 2. HP: 20/20 MP: 1/5
   293 | D:1      | Learned a level 2 spell: Searing Ray
  1205 | D:2      | Found a shimmering blue altar of Sif Muna.
  1208 | D:2      | Reached XP level 3. HP: 26/26 MP: 3/6
  2008 | D:3      | Noticed a scorpion
  2021 | D:3      | Reached skill level 5 in Conjurations
  2054 | D:3      | Killed a scorpion
  2055 | D:3      | Reached XP level 4. HP: 33/33 MP: 4/8
  2393 | D:3      | Reached XP level 5. HP: 38/38 MP: 4/9
  2508 | D:3      | Noticed Natasha
  2511 | D:3      | Killed Natasha
  2512 | D:3      | Reached skill level 6 in Conjurations
  2977 | D:3      | Noticed Natasha
  2984 | D:3      | Killed Natasha
  3388 | D:4      | Noticed a phantom
  3399 | D:4      | Noticed a centaur
  3410 | D:4      | Killed a phantom
  3410 | D:4      | HP: 1/57 [centaur/arrow (7)]
  3411 | D:4      | Reached skill level 7 in Conjurations
  3411 | D:4      | Reached XP level 6. HP: 2/45 MP: 2/10
  3433 | D:4      | Shot with an arrow by a centaur

Illustrated notes

Levels and vault maps discovered:
D:1:      dpeg_arrival_ratfight, layout_basic
D:2:      layout_basic, basic_altar, grunt_ministairs_9
D:3:      kennysheep_six_static_rooms, layout_basic, portal_sewer_entry_d,
          minivault_4, kennysheep_big_empty_room, uniq_natasha
D:4:      layout_loops_cross, pf_just_have_faith

Skill      XL: |  1  2  3  4  5 |
---------------+----------------+-----
Conjurations   | 5 7 |  7.0
Spellcasting   | 3 |  3.0
Dodging        | |  1.7
Stealth        | |  1.7

Action                   |  1- 3 |  4- 6 || total
-------------------------+-------+-------++-------
Melee: Short sword       |    21 |    10 ||    31
       Tailslap          |     1 |     1 ||     2
 Cast: Magic Dart        |    50 |    32 ||    82
       Searing Ray       |     8 |    14 ||    22
  Use: Scroll            |     4 |     5 ||     9
       Potion            |     1 |     4 ||     5
Armor: Skin              |    10 |     8 ||    18
Dodge: Dodged            |    13 |    10 ||    23

Table legend: (Time is in decaauts)
 A = Elapsed time spent in this place.
 B = Non-inter-level travel time spent in this place.
 C = Inter-level travel time spent in this place.
 D = Time resting spent in this place.
 E = Time spent auto-exploring this place.
 F = Levels seen in this place.
 G = Mean time per level.
                   A        B        C        D        E       F      G
               +--------+--------+--------+--------+--------+-----+--------+
         Total |   3440 |   3378 |     62 |    119 |   2894 |   4 |  860.0 |
       Dungeon |   3440 |   3378 |     62 |    119 |   2894 |   4 |  860.0 |
               +--------+--------+--------+--------+--------+-----+--------+

Top non-repeatable levels by time:
     D:3: 1470 daAuts
     D:1: 1097 daAuts
     D:2: 678 daAuts
     D:4: 194 daAuts
